Sam, lawful male human Knight -------- |....... |....%..| |..|....---- ---|.......-- -----...| -....| ......-- |.......| --....).-- .........| .........)| -....<....-- -....%....-- |..........| |.........-- |..........- --.......@.. --.--.|.--- ------- Sam the Esquire Experience level: 3 Strength: 16 Dexterity: 9 Constitution: 11 Intelligence: 7 Wisdom: 14 Charisma: 18 Health: 0(24) Energy: 14(14) Def: 7 Gold: 392 Moves: 1346 Dungeon seed: 07APcsJC8IvLMLKx Game ID: Sam_1523613573 Your Inventory: Coins $ - 392 gold pieces Weapons a - a +1 long sword (weapon in hand) b - a +1 lance Armor e - an uncursed +1 ring mail (being worn) n - an uncursed +0 helmet (being worn) q - a blessed +0 small shield (being worn) r - an uncursed +0 pair of leather gloves (being worn) y - an uncursed burnt +0 leather cloak (being worn) Comestibles c - 12 uncursed apples d - 11 uncursed carrots Spellbooks s - an uncursed spellbook of dig Potions m - an uncursed potion of see invisible Wands i - a wand of speed monster (0:8) t - a wand of opening (0:7) Tools j - an uncursed leash v - 5 uncursed partly used tallow candles (lit) (0:146) Spells and supernatural/magical abilities: Name Level Category Fail Memory W - pray for help -- divine ? -- X - turn undead -- divine ? -- Y - supernatural jump -- ability ? -- Your skills at the end: Fighting Skills riding [Basic] Weapon Skills long sword [Basic] lance [Basic] Spellcasting Skills Final Attributes: You were piously aligned. You could jump. You were unlucky. You are dead. Vanquished creatures: a hobbit a manes 3 gnomes a gecko 11 jackals a sewer rat 2 grid bugs a lichen 3 newts 24 creatures vanquished. Voluntary challenges: You followed a strict vegan diet. You were an atheist. You used a wielded weapon 23 times, starting on turn 156. You were illiterate. You never genocided any monsters. You never polymorphed an object. You never changed form. You used no wishes. You never split a pudding. You never wrote Elbereth's name. You never violated your personal moral code. Dungeon overview: The Dungeons of Doom: levels 1 to 4 Level 1 a long staircase Level 2 an altar to Manannan Mac Lir, a fountain Level 3 Level 4 stairs to The Gnomish Mines The Gnomish Mines: Level 5 <- You were here stairs to The Dungeons of Doom History has recorded: On T:1 you entered the Dungeons of Doom to retrieve the Amulet of Yendor! On T:328 you reached level 2 of The Dungeons of Doom. On T:689 you reached level 3 of The Dungeons of Doom. On T:1071 you reached level 4 of The Dungeons of Doom. On T:1077 you advanced to experience level 2. On T:1253 you reached level 1 of The Gnomish Mines. On T:1261 you advanced to experience level 3. Score breakdown: Gold: 392 ( 8825 points) Experience: 3 levels ( 7878 points) Exploration: 5 levels ( 10.20%) ( 8660 points) Discoveries: 1 item ( 0.41%) ( 1912 points) Valuables value: (no points given unless you survive) Artifact value: 0 ( 0 points) Variety of kills: 9 monsters ( 2.36%) ( 4610 points) Turncount: 1346 turns ( 0 points) Survival: died (score multiplied by 80%) Total score: 25508 Latest messages: There are a few objects here. You have a little trouble lifting v - 3 candles. Your movements are slowed slightly because of your load. You are almost hit by a crossbow bolt. Your candles' flames burn brightly! The gnome swings his crossbow. The gnome hits! You kill the gnome! You have a little trouble lifting g - a scroll labeled NR 9. It is missed. It is hit. You hear a horn being played. The bolt of fire hits you! Your cloak smoulders! Your scrolls labeled NR 9 catch fire and burn! Your scroll labeled KIRJE catches fire and burns! Your movements are now unencumbered. Your scroll labeled ANDOVA BEGARIN catches fire and burns! Your scroll labeled ELAM EBOW catches fire and burns! You die... Final status: Fare thee well Sam the Knight, killed by a bolt of fire... You died in The Gnomish Mines on dungeon level 5 with 25508 points, and 392 pieces of gold, after 1346 moves. You were level 3 with a maximum of 24 hit points when you died.